cohdb
Replays
Latest Replays
All Replays
Popular Replays
Top Player Replays
Match Explorer
How It Works
Community
CoH3 Stats
Reddit
Sign in to upload your games and track your stats! →
Sign in with Steam
Match 45122983
Unlisted
Match 45122983
Overview
Messages
Build Orders
End
Kradschützen Motorcycle Team
Selects Armored Support Battlegroup
250 Light Carrier
250 Light Carrier
Construct Light Support Kompanie
Combat Half-tracks
MG34 Team
Selects Veteran Gunners
Panzerjäger Squad
2.5-tonne Medical Truck
Fire Support Elements
Selects Salvage Kits
Selects Salvage Kits
le.IG 18 Mechanized Group
Panzergrenadier Squad
Vehicle Survival Package
Panzerpioneer Squad
Pak 38 Anti-tank Gun Team
Panzerpioneer Squad
Construct Panzerarmee Kommand
Forward Retreat Point
Panzer III L Medium Tank
Selects Panzer Storm
Emergency Repair Kits
jmilli10
Sterkarm
Instructor
Toki Asuma
LionElPotato
1003604386
JVM
hnolbtg
0
0
Comments
sign in to comment!
No comments posted yet!